 Dungeon Crawl Stone Soup version 0.27.0-1-g7a089689b8 (webtiles) character file.

Game seed: 10411404635835396197

1211 Kinoniko the Cleaver (level 8, -4/78 HPs)
             Began as an Ogre Berserker on Aug 17, 2021.
             Was a Priest of Trog.
             Slain by a mummy (8 damage)
             ... in an ossuary.
             The game lasted 00:04:04 (5558 turns).

Kinoniko the Cleaver (Ogre Berserker)               Turns: 5558, Time: 00:04:04

Health: -4/78      AC:  5    Str: 22    XL:     8   Next: 46%
Magic:  8/8        EV: 11    Int:  8    God:    Trog [***...]
Gold:   191        SH:  0    Dex: 10    Spells: 7/7 levels left

rFire    + . .     SeeInvis .   a - +0 hand axe
rCold    + . .     Faith    .   (no shield)
rNeg     . . .     Spirit   .   b - +0 animal skin
rPois    +         Reflect  .   (helmet restricted)
rElec    +         Harm     .   i - +1 cloak
rCorr    +         Rampage  .   (gloves unavailable)
Will     ++...                  (boots unavailable)
Stlth    +.........             (no amulet)
HPRegen  1.23/turn              e - ring of resist corrosion
MPRegen  0.11/turn              (no ring)

@: resistant, strong-willed, on berserk cooldown, flying, regenerating, hasted
and slowed
A: large, unfitting armour, tough skin 1
a: Renounce Religion, Berserk, Trog's Hand


You were in an ossuary.
You worshipped Trog.
Trog was most pleased with you.
You visited 1 branch of the dungeon, and saw 5 of its levels.
You also visited: Ossuary.

You collected 191 gold pieces.

Inventory:

Hand Weapons
 a - a +0 hand axe (weapon)
 m - a +0 giant club
Armour
 b - a +0 animal skin (worn)
 i - a +1 cloak (worn)
Jewellery
 e - a ring of resist corrosion (left hand)
 n - a +4 ring of protection
Wands
 j - a wand of iceblast (13)
Scrolls
 d - a scroll of blinking
 g - a scroll of immolation
 h - a scroll of teleportation
 l - a scroll of magic mapping
 p - a scroll of identify
Potions
 f - 3 potions of flight
 k - a potion of curing


   Skills:
 - Level 4.0 Fighting
 * Level 8.7 Axes
 + Level 5.8 Dodging


You had 7 spell levels left.
You didn't know any spells.
Your spell library was empty.

Dungeon Overview and Level Annotations

Branches:
Dungeon (5/15)            Ossuary (1/1)
 Temple: D:4-7

Altars:
Cheibriados
Trog
Vehumet
Xom


Innate Abilities, Weirdness & Mutations

You are too large for most types of armour.
You have tough skin. (AC +1)


Message History

You are too injured to fight recklessly!
You are too injured to fight recklessly!
You hit the mummy but do no damage.
You feel sick.
You are no longer poisoned.
You hit the mummy but do no damage. The mummy barely misses you.
You hit the mummy but do no damage. The mummy hits you!
You hit the mummy.
The mummy is moderately damaged.
The mummy hits you!
* * * LOW HITPOINT WARNING * * *
Unknown command.
It was a potion of flight.
You feel very buoyant.
You fly up into the air.
The mummy misses you.
You hit the mummy.
The mummy is moderately damaged.
You hit the mummy.
The mummy is heavily damaged.
The mummy hits you!
* * * LOW HITPOINT WARNING * * *
Unknown command.
It was a potion of curing.
You feel better. The mummy hits you!
* * * LOW HITPOINT WARNING * * *
Unknown command.
It was a potion of haste.
You feel yourself speed up. The mummy hits you but does no damage.
Unknown command.
It was a potion of resistance.
You feel protected. The mummy hits you.
* * * LOW HITPOINT WARNING * * *
Unknown command.
You hit the mummy.
The mummy is heavily damaged.
Unknown command.
You're still recovering from your berserk rage.
Your skin crawls.
You feel strong-willed. The mummy hits you!
You die...

#####################
#...#.......#...#...#
#...@.......'...8...+
#..M#.......#.......#
##'###########8...8##
#!.!#...#...#.......#
#!.=#...8...#...8...#
#?!M#...†...#...#...#
######8...8###'######
#...#.......#...#...#
#...'...8...#...'...'


You could see a mummy.

Vanquished Creatures
  An ogre (D:5)
  10 scorpions (Ossuary)
  A centaur zombie (Ossuary)
  2 hounds (D:4)
  An orc priest (D:3)
  A centaur skeleton (D:5)
  A human zombie (Ossuary)
  A jelly (D:5)
  Crazy Yiuf (D:2)
  An orc wizard (D:3)
  3 scorpion zombies (Ossuary)
  A mummy (Ossuary)
  3 adders
  4 gnolls
  An adder skeleton (D:4)
  A worm (D:2)
  2 dart slugs
  2 orcs (D:3)
  5 endoplasms
  5 giant cockroaches
  A gnoll zombie (Ossuary)
  7 goblins
  8 hobgoblins
  16 jackals
  4 kobolds
  6 quokkas
  5 ball pythons
  6 bats
  2 frilled lizards (D:1)
  2 goblin zombies (Ossuary)
  2 hobgoblin zombies (Ossuary)
  A kobold zombie (Ossuary)
  3 orc zombies (Ossuary)
  2 rats
112 creatures vanquished.

Vanquished Creatures (others)
  5 fungi (D:5)
5 creatures vanquished.

Grand Total: 117 creatures vanquished

Notes
Turn   | Place    | Note
-------+----------+-------------------------------------------
     0 | D:1      | Kinoniko the Ogre Berserker began the quest for the Orb.
     0 | D:1      | Reached XP level 1. HP: 24/24 MP: 1/1
    61 | D:1      | Reached XP level 2. HP: 15/32 MP: 2/2
   491 | D:1      | Reached XP level 3. HP: 39/39 MP: 3/3
   611 | D:1      | Found a faded altar of an unknown god.
   787 | D:1      | Reached skill level 4 in Axes
  1572 | D:2      | Reached ** piety under Trog
  1923 | D:2      | Reached XP level 4. HP: 26/48 MP: 4/4
  2472 | D:2      | Found a runed translucent door.
  2473 | D:2      | Noticed Crazy Yiuf
  2754 | D:2      | Killed Crazy Yiuf
  2902 | D:3      | Reached XP level 5. HP: 52/54 MP: 5/5
  3066 | D:3      | Reached skill level 5 in Axes
  3264 | D:3      | Found a shimmering altar of Xom.
  3309 | D:3      | Found a bloodstained altar of Trog.
  3310 | D:3      | Found a radiant altar of Vehumet.
  3380 | D:3      | You fall into a shaft and drop 1 floor!
  3426 | D:4      | Reached XP level 6. HP: 62/62 MP: 6/6
  3677 | D:4      | Found a snail-covered altar of Cheibriados.
  4024 | D:4      | Reached skill level 6 in Axes
  4594 | D:5      | Entered Level 5 of the Dungeon
  4679 | D:5      | Found a sand-covered staircase.
  4699 | D:5      | Reached XP level 7. HP: 33/70 MP: 7/7
  4748 | Ossuary  | Entered an ossuary
  4890 | Ossuary  | Reached *** piety under Trog
  4942 | Ossuary  | Reached skill level 7 in Axes
  5133 | Ossuary  | Reached skill level 5 in Dodging
  5341 | Ossuary  | Reached XP level 8. HP: 62/78 MP: 8/8
  5514 | Ossuary  | Reached skill level 8 in Axes
  5556 | Ossuary  | HP: 3/78 [mummy (4)]
  5558 | Ossuary  | Slain by a mummy

Illustrated notes

Levels and vault maps discovered:
D:1:      onia_arrival_mini_maze_b, layout_rooms, basic_ecumenical_altar,
          ebering_dispersal_statue_hall
D:2:      layout_loops_corners, uniq_crazy_yiuf_cottage
D:3:      layout_rooms, xom_butterflies, mainiacjoe_overflow_divided_tiny
D:4:      layout_basic, cheibriados_altar_1
D:5:      layout_rooms, mainiacjoe_overflow_alcove_4,
          minmay_temple_entry_nine_rooms, serial_aquarium,
          aquarium_bridge_long_separate [aquarium_subvault_balcony,
          aquarium_subvault_bridge, aquarium_subvault_wall,
          aquarium_subvault_bridge, aquarium_subvault_wall,
          aquarium_subvault_bridge], aquarium_bridge_square
          [aquarium_subvault_bridge, aquarium_subvault_bridge,
          aquarium_subvault_wall, aquarium_subvault_bridge],
          aquarium_window_fake, aquarium_window_2, aquarium_view_2c,
          aquarium_view_2e, aquarium_pool_corner, enter_ossuary_1
Ossuary:  ossuary_minmay_scorpions

Skill      XL: |  1  2  3  4  5  6  7  8 |
---------------+-------------------------+-----
Dodging        | 3 4 5 |  5.8
Axes           | 4 5 6 7 8 |  8.7
Fighting       | |  4.0

Action                   |  1- 3 |  4- 6 |  7- 9 || total
-------------------------+-------+-------+-------++-------
Melee: Hand axe          |   110 |   172 |    94 ||   376
Invok: Berserk           |     2 |     5 |     4 ||    11
       Trog's Hand       |       |       |     1 ||     1
  Use: Scroll            |       |     4 |       ||     4
       Potion            |       |       |     4 ||     4
 Stab: Sleeping          |     2 |     1 |       ||     3
Armor: Animal skin       |    34 |    63 |    20 ||   117
Dodge: Dodged            |    72 |   105 |    37 ||   214
